AoeStats
← ELRULLO

Baltic

510836791Analyzed
4v4 RM · 1d ago on Oct 2, 2026· 44m 57s· 8 players
Game mode
Random Map
Map size
Large (8 player)
Population
200
Speed
Normal
Resources
Standard
Victory
Conquest
Starting age
Dark Age
Ending age
Imperial Age
RankedLock teamsTeams togetherTeam positionsShared explorationLock speedFull tech treeHidden civsTurbo modeCheats
Victory
Defeat
🇮🇹 Dravidians · Italy
788
+11
🇧🇷 Britons · Brazil
740
+12
🇪🇸 Portuguese · Spain
724
+13
🇹🇷 Persians · Türkiye
646
+16
🇩🇪 Saracens · Germany
739
-16
🇦🇷 Turks · Argentina
688
-14
🇳🇱 Burgundians · Netherlands
664
-13
🇲🇽 Cumans · Mexico
551
-9
capitaoJOE
10:40 Feudal Age
12:34 Double-Bit Axe
16:49 Castle Age
16:09 Horse Collar
20:09 Wheelbarrow
20:15 Bow Saw
20:27 Heavy Plow
21:28 Gold Mining
21:52 Stone Mining
21:52 Loom
25:26 Hand Cart
25:42 Padded Archer Armor
26:23 Fletching
26:24 Crossbowman
26:25 Elite Skirmisher
28:13 Bodkin Arrow
28:40 Leather Archer Armor
28:59 Ballistics
30:33 Yeomen
30:57 Gold Shaft Mining
34:00 Imperial Age
31:36 Town Watch
32:58 Masonry
32:39 Guard Tower
34:29 Arbalester
35:44 Ring Archer Armor
36:28 Chemistry
35:38 Bracer
37:16 Two-Man Saw
36:48 Murder Holes
40:25 Conscription
44:14 Cranequins
44:15 Heavy Mounted Crossbowman
ELRULLO
0:27 Loom
15:16 Feudal Age
16:39 Wheelbarrow
15:54 Double-Bit Axe
15:59 Fishing Lines
16:28 Stone Mining
16:28 Gold Mining
22:05 Castle Age
20:50 Forging
21:01 Horse Collar
22:27 Fletching
22:45 Scale Mail Armor
23:11 Hand Cart
25:26 Gillnets
25:46 Heavy Plow
26:00 Bow Saw
28:12 Ballistics
32:36 Imperial Age
30:14 Gambesons
30:54 Caravan
31:29 Circumnavigation
32:46 Elite Caravel
35:55 Chemistry
35:14 Careening
35:17 Clinker Construction
37:14 Bodkin Arrow
37:54 Iron Casting
37:47 Elite Cannon Galleon
39:11 Medium Warships
40:34 Heavy Warships
demirovsky
0:51 Loom
13:59 Feudal Age
15:19 Double-Bit Axe
17:10 Horse Collar
21:23 Castle Age
20:58 Stone Mining
21:10 Gold Mining
23:05 Fishing Lines
27:08 Heavy Plow
27:20 Bow Saw
32:08 Imperial Age
30:47 Wheelbarrow
33:05 Conscription
33:50 Hand Cart
33:22 Town Watch
35:12 Town Patrol
38:25 Chemistry
38:34 Siphons
39:28 Elite Cannon Galleon
41:30 Gold Shaft Mining
42:07 Ballistics
44:18 Incendiaries
44:19 Caravan
44:06 Elite War Elephant
44:18 Sappers
eugenioragni1
11:42 Feudal Age
17:38 Fishing Lines
18:24 Double-Bit Axe
20:40 Castle Age
20:23 Horse Collar
20:36 Gold Mining
20:41 Fletching
20:52 Padded Archer Armor
21:43 Gillnets
22:30 Bow Saw
25:10 Heavy Plow
25:59 Wheelbarrow
30:19 Caravan
33:29 Imperial Age
32:29 Ballistics
32:12 Bodkin Arrow
32:33 Leather Archer Armor
32:30 Forging
32:26 Scale Barding Armor
33:27 Hand Cart
34:53 Shipwright
35:35 Chemistry
35:58 Bracer
37:14 Two-Man Saw
36:15 Elite Cannon Galleon
39:32 Conscription
39:18 Medical Corps
39:33 Wootz Steel
43:33 Chain Barding Armor
43:49 Iron Casting
45:29 Husbandry
Kurwier2000
11:27 Loom
13:43 Feudal Age
17:25 Castle Age
17:03 Double-Bit Axe
17:00 Horse Collar
17:14 Gold Mining
17:14 Stone Mining
17:58 Fishing Lines
21:37 Wheelbarrow
21:18 Bow Saw
21:47 Town Watch
24:01 Gillnets
28:34 Imperial Age
26:20 Hand Cart
27:43 Medium Warships
26:53 Demolition Ship
28:09 Fervor
29:58 Elite Skirmisher
31:36 Conscription
33:02 Hoardings
32:43 Bimaristan
34:49 Heavy Warships
35:13 Ballistics
35:54 Chemistry
35:05 Masonry
36:43 Heavy Camel Rider
38:12 Gold Shaft Mining
37:59 Town Patrol
37:45 Elite Mameluke
39:11 Coinage
39:01 Caravan
39:50 Bloodlines
39:41 Husbandry
40:27 Scale Barding Armor
42:50 Squires
42:35 Gambesons
42:11 Pikeman
42:12 Man-at-Arms
42:37 Arson
43:05 Thumb Ring
Dove
0:51 Loom
13:09 Feudal Age
13:40 Horse Collar
13:49 Double-Bit Axe
13:57 Town Watch
20:40 Wheelbarrow
20:55 Fishing Lines
30:20 Castle Age
33:33 Town Patrol
34:39 Hand Cart
34:29 Heavy Plow
34:42 Bow Saw
36:02 Stone Mining
36:02 Gold Mining
38:21 Steppe Husbandry
Akatius
2:04 Loom
12:54 Feudal Age
17:49 Castle Age
16:37 Horse Collar
16:46 Double-Bit Axe
21:58 Wheelbarrow
22:11 Bow Saw
23:38 Squires
23:41 Padded Archer Armor
23:50 Town Watch
27:05 Gold Mining
29:49 Leather Archer Armor
29:25 Fletching
30:14 Stone Mining
30:40 Forging
30:54 Ballistics
34:22 Imperial Age
34:17 Thumb Ring
34:27 Bloodlines
34:18 Husbandry
34:36 Caravan
34:54 Hand Cart
34:42 Town Patrol
35:29 Gold Shaft Mining
35:10 Masonry
35:26 Conscription
36:08 Elite Janissary
37:54 Hoardings
39:33 Scale Barding Armor
41:07 Ring Archer Armor
40:59 Chain Barding Armor
Gordon93
1:43 Wheelbarrow
10:49 Double-Bit Axe
13:55 Feudal Age
12:46 Horse Collar
16:53 Loom
22:18 Heavy Plow
26:38 Castle Age
24:25 Town Watch
26:48 Bow Saw
28:40 Town Patrol
30:22 Two-Man Saw
29:56 Crop Rotation
32:54 Caravan
34:09 Medium Warships
37:33 Padded Archer Armor
37:39 Scale Barding Armor
37:45 Forging
38:44 Hand Cart
38:55 Redemption
39:06 Fervor
39:13 Herbal Medicine
40:53 Elite Skirmisher
42:31 Fortified Wall
44:56 Imperial Age
Connection lost

Rejoining the realm…

Still unreachable

The connection could not be restored.

Session expired

The server has moved on; the page needs a fresh start.